 Dungeon Crawl Stone Soup version 0.31-a0-574-g69dc8cc98e (webtiles) character file.

Game seed: 12676313843054298126

321 javelincjr the Conjurer (level 6, -4/45 HPs)
             Began as a Draconian Conjurer on Aug 18, 2023.
             Killed by divine providence
             ... invoked by an orc priest
              (8 damage)
             ... on level 4 of the Dungeon.
             The game lasted 00:09:49 (2803 turns).

javelincjr the Conjurer (Draconian Conjurer)        Turns: 2803, Time: 00:09:49

Health: -4/45      AC:  6    Str:  9    XL:     6   Next: 22%
Magic:  9/11       EV: 12    Int: 21    God:
Gold:   135        SH:  0    Dex:  9    Spells: 7/11 levels left

rFire   + . .        g - +0 trident
rCold   + . .        (no shield)
rNeg    . . .        (body armour unavailable)
rPois   .            (helmet restricted)
rElec   .            m - scarf {rC+ rF+}
rCorr   .            (no gloves)
SInv    .            (no boots)
Will    .....        l - amulet of magic regeneration
Stlth   ++           (no ring)
HPRegen 0.27/turn    (no ring)
MPRegen 0.52/turn

%: no passive effects
@: no status effects
A: AC +6, unfitting armour, cold-blooded
a: no special abilities


You were on level 4 of the Dungeon.
You visited 1 branch of the dungeon, and saw 4 of its levels.

You collected 135 gold pieces.

Inventory:

Hand Weapons
 b - a +0 spear
 g - a +0 trident (weapon)
Missiles
 e - 7 poisoned darts
Armour
 m - a scarf of resistance (worn)
Magical Staves
 t - a staff of air
Jewellery
 l - an amulet of magic regeneration (around neck)
Wands
 q - a wand of roots (8)
 s - a wand of polymorph (11)
Scrolls
 d - 2 scrolls of identify {unknown}
 h - a scroll of fear {unknown}
 i - a scroll of teleportation {unknown}
 j - a scroll of enchant armour {unknown}
 n - a scroll of noise {unknown}
 o - a scroll of fog {unknown}
Potions
 a - a potion of magic
 c - a potion of haste {unknown}
 f - 3 potions of brilliance {unknown}
 k - 2 potions of curing {unknown}
 p - a potion of mutation {unknown}
 r - a potion of degeneration {unknown}


   Skills:
 + Level 3.2 Dodging
 + Level 3.5 Stealth
 + Level 3.4 Spellcasting
 + Level 5.1 Conjurations


You had 7 spell levels left.
You knew the following spells:

 Your Spells              Type           Power      Damage    Failure   Level
a - Magic Dart            Conj           100%       1d8       1%          1
b - Searing Ray           Conj           50%        2d6       2%          2
c - Summon Small Mammal   Summ           12%        N/A       13%         1

Your spell library contained the following spells:

 Spells                   Type           Power      Damage    Failure   Level
 Apportation              Tloc           6%         N/A       13%         1
 Freeze                   Ice            12%        1d3       13%         1
 Necrotise                Necr           12%        1d4       13%         1
 Dazzling Flash           Conj/Hex       28%        N/A       13%         3
 Hailstorm                Conj/Ice       14%        3d5       13%         3
 Frozen Ramparts          Ice            6%         1d1       36%         3
 Fulminant Prism          Conj/Hex       7%         3d7       41%         4
 Iskenderun's Mystic Bla  Conj/Tloc      14%        2d5       41%         4


Dungeon Overview and Level Annotations

Branches:
Dungeon (4/15)
 Temple: D:4-7

Altars:
Hepliaklqana


Innate Abilities, Weirdness & Mutations

Your plain brown scales are hard. (AC +6)
You cannot fit into any form of body armour.
You are cold-blooded and may be slowed by cold attacks.


Message History

The goblin shouts!
The magic dart hits the jelly.
You kill the jelly!
An orc comes into view. It is wielding a +0 dagger.
The magic dart hits the orc!
You kill the orc!
The orc shouts!
An orc priest comes into view. It is wielding a +0 dagger.
The magic dart hits the orc priest.
The orc priest is heavily wounded.
The orc priest shouts!
The orc priest calls down the wrath of Beogh upon you.
Beogh smites you!
The magic dart hits the orc priest!
The orc priest is almost dead.
The goblin barely misses you.
The orc priest looks braver for a moment.
The orc priest puts on a burst of speed as it pursues you!
A goblin comes into view. It is wielding a +0 club.
The orc priest casts a cantrip, but nothing happens.
The orc priest mumbles some strange prayers to Beogh against you.
Beogh smites you!
* * * LOW HITPOINT WARNING * * *
The orc priest looks encouraged for a moment.
The orc priest calls upon Beogh to heal the orc priest.
The orc priest is healed somewhat.
The goblin puts on a burst of speed as it pursues you!
Casting: Magic Dart (safe; 1% risk of failure)
Confirm with . or Enter, or press ? or * to list all spells.
Aiming: Searing Ray (safe; 2% risk of failure)
Press: ? - help, Shift-Dir - straight line, p - orc priest The searing ray hits the goblin.
You kill the goblin! (Press . to maintain the ray.)
The orc priest calls down the wrath of Beogh upon you.
Beogh smites you!
* * * LOW HITPOINT WARNING * * *
The orc priest invokes the aid of Beogh against you.
Beogh smites you!
You die...

.# #......... .##.........
..!..o..... #...)....
#.###...)... ##### .......o#
....# #.....#
....###################..####..
....'.).........@)...oo........
....################.o...####..
....'....... #......#
....#####... #......##
###........ #.......# #........
#.....#.# #........ #.....#.#
#........ +..<..#>g #........
#.....#####


You could see 2 orc priests and an orc.

Vanquished Creatures
  A hound (D:4)
  A jelly (D:4)
  An orc priest (D:3)
  An orc wizard (D:3)
  Natasha (D:3)
  6 gnolls
  An adder (D:2)
  An ufetubus (D:3)
  4 worms
  2 dart slugs
  7 orcs
  10 bats
  5 endoplasms
  A giant cockroach (D:2)
  7 goblins
  5 hobgoblins
  6 jackals
  5 kobolds
  5 quokkas
  8 ball pythons
  9 frilled lizards
  3 rats
90 creatures vanquished.

Notes
Turn   | Place    | Note
-------+----------+-------------------------------------------
     0 | D:1      | javelincjr the Draconian Conjurer began the quest for the
                  | Orb.
     0 | D:1      | Reached XP level 1. HP: 14/14 MP: 3/3
   364 | D:1      | Reached XP level 2. HP: 20/20 MP: 1/5
   367 | D:1      | Learned a level 2 spell: Searing Ray
   467 | D:1      | Learned a level 1 spell: Summon Small Mammal
   716 | D:1      | Reached XP level 3. HP: 26/26 MP: 4/6
  1359 | D:2      | Reached XP level 4. HP: 10/33 MP: 5/7
  1607 | D:2      | Found a hazy altar of Hepliaklqana.
  1876 | D:3      | Reached XP level 5. HP: 28/38 MP: 5/9
  2055 | D:3      | Noticed Natasha
  2059 | D:3      | Killed Natasha
  2150 | D:3      | Reached skill level 5 in Conjurations
  2751 | D:4      | Reached XP level 6. HP: 45/45 MP: 6/11
  2803 | D:4      | Killed from afar by an orc priest

Illustrated notes

Levels and vault maps discovered:
D:1:      dreamdust_arrival_sigmund_warning, layout_loops_ring, serial_bayou,
          serial_bayou_pond_b, serial_bayou_pond_e, serial_bayou_pond_e,
          serial_bayou_crossing
D:2:      layout_rooms, basic_altar
D:3:      minmay_spotlight, layout_loops_ring, uniq_natasha
D:4:      layout_basic, chequers_temple_overflow_statue_of_worship

Skill      XL: |  1  2  3  4  5 |
---------------+----------------+-----
Stealth        | 2 3 |  3.5
Dodging        | 2 3 |  3.2
Spellcasting   | 3 |  3.4
Conjurations   | 5 |  5.1

Action                     |  1- 3 |  4- 6 || total
---------------------------+-------+-------++-------
  Melee: Spear             |    17 |       ||    17
         Tailslap          |     8 |       ||     8
         Trident           |    56 |     2 ||    58
         Punch             |     2 |       ||     2
   Cast: Magic Dart        |    28 |    87 ||   115
         Searing Ray       |     2 |    11 ||    13
         Summon Small Mamm |     2 |     1 ||     3
   Stab: Sleeping          |     1 |       ||     1
 Armour: Skin              |    20 |     5 ||    25
  Dodge: Dodged            |    57 |    13 ||    70

Table legend: (Time is in decaauts)
 A = Elapsed time spent in this place.
 B = Non-inter-level travel time spent in this place.
 C = Inter-level travel time spent in this place.
 D = Time resting spent in this place.
 E = Time spent auto-exploring this place.
 F = Levels seen in this place.
 G = Mean time per level.
                   A        B        C        D        E       F      G
               +--------+--------+--------+--------+--------+-----+--------+
         Total |   2836 |   2804 |     32 |    116 |   2152 |   4 |  709.0 |
       Dungeon |   2836 |   2804 |     32 |    116 |   2152 |   4 |  709.0 |
               +--------+--------+--------+--------+--------+-----+--------+

Top non-repeatable levels by time:
     D:1: 1211 daAuts
     D:3: 686 daAuts
     D:2: 669 daAuts
     D:4: 268 daAuts
